Map: 어비설 리프 - 래더

Players

GuMiho - Winner!

  • Race: Terran Terran
  • League: Master
  • Spawn Location: 11:00

aLive

  • Race: Terran Terran
  • League: Grandmaster
  • Spawn Location: 5:00

VOD

Have the link to the VOD?

Description

Time

  • Played on: Dec. 22, 2017, 4:55 a.m.
  • Length: 3:56
Show
View Real Time Build Order
Export as new Build Order

GuMiho Terran - Winner!

Build Orders: Gas First Reaper Expand, Reaper Expand 

Get SALT Encoding   

  12  0:00  SCV  
  13  0:13  SCV  
  14  0:18  Supply Depot  
  14  0:25  SCV  
  15  0:28  Refinery  
  15  0:39  SCV  
  16  0:44  Barracks  
  16  0:51  SCV  
  17  1:03  SCV  
  18  1:16  SCV  
  19  1:30  Orbital Command  
  19  1:31  Reaper  
  20  1:52  Factory  
  20  1:56  SCV  
  20  1:59  Command Center  
  21  2:06  Reaper  
  23  2:10  Supply Depot  
  23  2:11  SCV  
  23  2:16  Refinery  
  23  2:32  SCV  
  23  2:36  Hellion  
  26  2:42  Starport  
  26  2:44  SCV  
  26  2:48  Barracks Tech Lab  
  27  2:56  SCV  
  27  2:58  Hellion  
  30  3:08  SCV  
  31  3:14  Orbital Command  
  31  3:20  SCV  
  35  3:33  SCV  
  36  3:34  Supply Depot  
  39  3:53  Barracks Reactor  
Show
View Real Time Build Order
Export as new Build Order

aLive Terran 

Build Orders: Cyclone Opening, Gas First Reaper Expand, Reaper Expand 

Get SALT Encoding   

  12  0:00  SCV  
  13  0:12  SCV  
  14  0:17  Supply Depot  
  14  0:25  SCV  
  14  0:28  Refinery  
  15  0:38  SCV  
  16  0:44  Barracks  
  16  0:50  SCV  
  17  1:02  SCV  
  18  1:15  SCV  
  19  1:31  Orbital Command, Reaper  
  20  1:48  Command Center  
  20  2:02  SCV, Factory  
  20  2:05  Reaper  
  22  2:11  Supply Depot  
  22  2:14  SCV  
  23  2:22  Refinery  
  23  2:32  SCV  
  24  2:37  Marine  
  25  2:44  SCV  
  25  2:46  Cyclone  
  29  2:57  SCV, Barracks Reactor  
  30  3:01  Orbital Command  
  30  3:09  SCV  
  31  3:21  SCV  
  31  3:23  Command Center  
  32  3:32  SCV  
  32  3:33  SCV  
  37  3:51  Supply Depot  
Tags
 
Add a new tag
Caveats
  • Supply blocks, unpowered buildings, or Contaminate may cause inaccurate times.
  • Supply counts are checked every 10 seconds.